[Event "Late-Titled-Tuesday-Blitz-March-19-2024"]
[Site "Chess.com"]
[Date "2024.03.19"]
[Round "8"]
[White "Alex_Banzea"]
[Black "kassablanca"]
[Result "0-1"]
[WhiteElo "2584"]
[BlackElo "2740"]
[TimeControl "180+1"]
[EndTime "15:27:46 PDT"]
[Termination "kassablanca won on time"]

1. d4 d5 2. Nc3 e6 3. Bf4 Nf6 4. e3 Bd6 5. Nf3 O-O 6. Bd3 c5 7. dxc5 Bxc5 8. O-O Nc6 9. e4 h6 10. e5 Nh5 11. Bd2 f6 12. Bg6 fxe5 13. Bxh5 e4 14. Ne1 Ne5 15. Be3 Bd6 16. f4 Nc4 17. Nxd5 Nxe3 18.
Nxe3 Bc5 19. Kf2 Qb6 20. Qd2 Rxf4+ 21. Ke2 Bxe3 22. Qxe3 Qxe3+ 23. Kxe3 Rxf1 24. Be2 Rf7 25. c3 Bd7 26. Nc2 Raf8 27. Nd4 Rf2 28. Bf3 Rxb2 29. Bxe4 Kf7 30. Nf3 Ke7 31. Ne5 Be8 32.
Rd1 Rxa2 33. Bxb7 Rff2 34. Bf3 Rfc2 35. Rb1 Rxc3+ 36. Kd4 Rc7 37. Rb8 Ra4+ 38. Ke3 Ra5 39. Nd3 Ra3 40. Kd2 Rd7 41. Be4 Ra4 42. Ke3 Ra5 43.
Nf4 g5 44. Ne2 Ra3+ 45. Kf2 Bh5 46. Ng3 Ra2+ 0-1

[Event "Late-Titled-Tuesday-Blitz-March-19-2024"]
[Site "Chess.com"]
[Date "2024.03.19"]
[Round "8"]
[White "Orest_Vovk"]
[Black "DamianoLew95"]
[Result "1-0"]
[WhiteElo "2530"]
[BlackElo "2727"]
[TimeControl "180+1"]
[EndTime "15:27:47 PDT"]
[Termination "Orest_Vovk won by resignation"]

1. h4 e5 2. h5 d5 3. h6 Nxh6 4. d4 exd4 5. Bxh6 gxh6 6. Qxd4 Rg8 7.
Nc3 Be6 8. O-O-O c6 9. Nf3 Bg7 10. Qb4 Qb6 11. Qxb6 axb6 12. Nd4 b5 13. a3 Nd7 14. e3 Nc5 15. Be2 Ke7 16. Bf3 Na4 17. Nxa4 Rxa4 18. Nxe6 fxe6 19. c3 Rf8 20. Rd2 c5 21.
Bd1 Ra5 22. Rh4 d4 23. exd4 Bf6 24. Rxh6 Bg5 25. Rxh7+ Rf7 26. Rxf7+ Kxf7 27. dxc5 Ra8 28. Kc2 Bxd2 29. Kxd2 Rc8 30. b4 Ra8 31. Bf3 Rxa3 32. Bxb7 Ra2+ 33. Ke3 Ke7 34. Bc6 Rc2 35. Kd3 Rxf2 36.
Bxb5 Rxg2 37. Bc6 Rg3+ 38. Kc4 Rg4+ 39. Kb3 Rg5 40. Kc4 Rg4+ 41. Kb5 e5 42. Bd5 e4 43.
Kc4 Kf6 44. Kd4 Kf5 45. c6 Kf4 46. Bxe4 Rg8 47. b5 Rd8+ 48. Bd5 Kf5 49. b6 1-0

[Event "Late-Titled-Tuesday-Blitz-March-19-2024"]
[Site "Chess.com"]
[Date "2024.03.19"]
[Round "8"]
[White "Leo_C"]
[Black "bascheyaro"]
[Result "0-1"]
[WhiteElo "2654"]
[BlackElo "2797"]
[TimeControl "180+1"]
[EndTime "15:27:48 PDT"]
[Termination "bascheyaro won by checkmate"]

1. e4 e6 2. d4 d5 3. e5 c5 4. c3 Qb6 5. Nf3 Bd7 6. Be2 Bb5 7. Bxb5+ Qxb5 8. Na3 Qd7 9. Nc2 Nc6 10. O-O a6 11.
Be3 cxd4 12. cxd4 Rc8 13. Rc1 Nge7 14. Qd3 h5 15. Bd2 Nf5 16. a4 Be7 17. b4 O-O 18. b5 axb5 19. axb5 Na7 20. Rb1 Nxb5 21. Qxb5 Qxb5 22.
Rxb5 Rxc2 23. Rxb7 Rfc8 24. h3 Bf8 25. Bg5 Ba3 26. g4 hxg4 27. hxg4 Nh6 28. Bxh6 gxh6 29.
Ra1 R8c3 30. Kg2 Re2 31. g5 Re4 32. Nh2 hxg5 33. Ra7 Bf8 34. Rb1 Rxd4 35. Rb8 Rb4 36. Rd8 Kg7 37. Raa8 Bc5 38. Rg8+ Kh6 39. f3 Rc2+ 40.
Kg3 Bf2+ 41. Kg2 Bd4+ 42. Kh3 Bxe5 43. Ng4+ Rxg4 44. Kxg4 Rg2+ 45. Kh3 Rh2+ 46. Kg4 f5# 0-1

[Event "Late-Titled-Tuesday-Blitz-March-19-2024"]
[Site "Chess.com"]
[Date "2024.03.19"]
[Round "8"]
[White "AndreyNeves"]
[Black "ilushka"]
[Result "0-1"]
[WhiteElo "2130"]
[BlackElo "2398"]
[TimeControl "180+1"]
[EndTime "15:27:49 PDT"]
[Termination "ilushka won by resignation"]

1. d4 d5 2. c4 e6 3. Nf3 Nf6 4. g3 dxc4 5. Bg2 c5 6. O-O Nc6 7. dxc5 Qxd1 8. Rxd1 Bxc5 9. Nbd2 c3 10. bxc3 O-O 11. Nb3 Bb6 12. Ba3 Re8 13. Nfd4 Bd7 14.
Nxc6 Bxc6 15. Bxc6 bxc6 16. c4 Rad8 17. Nc5 a6 18. Rab1 Bxc5 19. Bxc5 Rxd1+ 20. Rxd1 Rb8 21.
Bb6 Kf8 22. Rd8+ Rxd8 23. Bxd8 Ne4 24. Bc7 Nc3 25. a4 Nxa4 26. Kf1 Ke7 27. Ke1 Nb2 28. c5 Na4 29. Bd6+ Kd7 30. Bf8 g6 31. Kd2 Nb2 32. Kc3 Nd1+ 33. Kb4 Nxf2 34. Ka5 Ng4 35. h4 Nf2 36.
Kxa6 f5 37. Bg7 Ne4 38. Be5 Nxc5+ 39. Kb6 Ne4 40. e3 h6 41. h5 gxh5 42. Bf4 Nc3 43. Bxh6 Ne2 44. Bf4 Nxf4 45. exf4 Kd6 0-1

[Event "Late-Titled-Tuesday-Blitz-March-19-2024"]
[Site "Chess.com"]
[Date "2024.03.19"]
[Round "8"]
[White "gympod"]
[Black "jstopa4"]
[Result "1-0"]
[WhiteElo "2423"]
[BlackElo "2707"]
[TimeControl "180+1"]
[EndTime "15:27:50 PDT"]
[Termination "gympod won by checkmate"]

1. c4 Nf6 2. g3 g6 3. Bg2 Bg7 4. Nc3 O-O 5. e4 d6 6. Nge2 c5 7. O-O Nc6 8. d3 Rb8 9. h3 a6 10. a4 Bd7 11. Be3 Ne8 12. Kh2 Nd4 13. Rb1 Nc7 14. b4 b6 15. b5 axb5 16. axb5 f5 17. f4 e5 18. fxe5 dxe5 19. Qd2 Rf7 20. Bg5 Qf8 21.
exf5 gxf5 22. Nxd4 cxd4 23. Nd5 Ne6 24. Bh4 Kh8 25.
Ra1 Nc5 26. Ra7 Be6 27. Rxf7 Qxf7 28. Bg5 Qg6 29. Ne7 Qf7 30. Nxf5 Bxf5 31. g4 Qc7 32. Rxf5 Re8 33. Kh1 Qa7 34. Bd5 Qa1+ 35. Kh2 Qb1 36. Bh6 Bf6 37. Rxf6 Qxd3 38. Bg7+ Kxg7 39. Qg5+ Kh8 40.
Rf3 Qc2+ 41. Kg3 Qg6 42. Qh4 e4 43. Rf6 Qg7 44. Rf7 Qe5+ 45. Kg2 h5 46. Rf5 Qxf5 47. gxf5 e3 48. Qxh5+ Kg7 49. Qg6+ Kf8 50. Qf7# 1-0

[Event "Late-Titled-Tuesday-Blitz-March-19-2024"]
[Site "Chess.com"]
[Date "2024.03.19"]
[Round "8"]
[White "krzyzan94"]
[Black "SpeedofLight0"]
[Result "0-1"]
[WhiteElo "2791"]
[BlackElo "3061"]
[TimeControl "180+1"]
[EndTime "15:27:51 PDT"]
[Termination "SpeedofLight0 won on time"]

1. e4 Nc6 2. Nc3 Nf6 3. d4 d6 4. h3 g6 5. Nf3 Bg7 6. Be2 O-O 7. d5 Nb8 8. O-O c6 9. Re1 a5 10. a4 Na6 11. Bg5 Nc5 12. Bf1 h6 13. Bf4 Qb6 14.
Rb1 Qb4 15. Bd2 Qb6 16. dxc6 bxc6 17. e5 dxe5 18. Nxe5 Rd8 19. Nd3 Bf5 20. Be3 Bxd3 21.
Bxd3 Qb4 22. Bxc5 Qxc5 23. Qe2 e6 24. Ne4 Nxe4 25. Bxe4 Rd6 26. c3 Rb8 27. Red1 Be5 28. Rxd6 Bxd6 29. Rd1 h5 30. Bf3 h4 31. Bg4 Bg3 32. Bxe6 Re8 33. Bxf7+ Kxf7 34. Rd7+ Kf6 35. Qd2 g5 36. b4 Qb6 37. Kf1 Bf4 38. Qd3 axb4 39.
Rh7 Re6 40. Rh6+ Ke7 41. Rh7+ Kf6 42. Rh6+ Ke5 43. Qe2+ Be3 44. Rxe6+ Kxe6 0-1

[Event "Late-Titled-Tuesday-Blitz-March-19-2024"]
[Site "Chess.com"]
[Date "2024.03.19"]
[Round "8"]
[White "norwaytoadog"]
[Black "Willhaven3"]
[Result "0-1"]
[WhiteElo "2358"]
[BlackElo "2503"]
[TimeControl "180+1"]
[EndTime "15:27:51 PDT"]
[Termination "Willhaven3 won on time"]

1. e4 Nf6 2. e5 Nd5 3. d4 d6 4.
Nf3 g6 5. Bc4 Nb6 6. Bb3 Bg7 7.
Ng5 d5 8. Qf3 f6 9. exf6 exf6 10. O-O O-O 11. Nh3 Nc6 12. c3 Bf5 13. Nd2 Kh8 14. Nf4 Ne7 15. Nd3 c6 16. Nc5 Qc7 17.
Re1 Rae8 18. Nf1 Nec8 19. Bf4 Qf7 20. Ng3 Be6 21. h4 Re7 22. a4 a5 23. Re3 Rfe8 24.
Rae1 Nc4 25. Bxc4 dxc4 26. Nxe6 Rxe6 27. Rxe6 Rxe6 28. Re3 Nb6 29. Qe2 Rxe3 30. fxe3 Nxa4 31. e4 Nb6 32. h5 g5 33. Bd6 Qe6 34. Bc5 Nc8 35.
Nf5 Kg8 36. Qf3 Bf8 37. Bxf8 Kxf8 38. h6 Kf7 39. Ne3 b5 40. Qh5+ Kf8 41. Ng4 Qxe4 42. Nxf6 Qe1+ 43. Kh2 Qh4+ 44. Qxh4 gxh4 45. Nd7+ Ke7 46.
Nc5 Kf6 47. Kh3 Kg5 48. Ne6+ Kxh6 49. Kxh4 Nb6 50. Kg4 Kg6 51. Kf4 Kf6 52. Nc5 a4 0-1

[Event "Late-Titled-Tuesday-Blitz-March-19-2024"]
[Site "Chess.com"]
[Date "2024.03.19"]
[Round "8"]
[White "esteban062000"]
[Black "vova-79"]
[Result "1-0"]
[WhiteElo "2170"]
[BlackElo "2510"]
[TimeControl "180+1"]
[EndTime "15:27:51 PDT"]
[Termination "esteban062000 won by resignation"]

1. e4 c5 2. Nf3 e6 3. d4 cxd4 4. Nxd4 Nf6 5. Nc3 d6 6. Bb5+ Nbd7 7. O-O Be7 8. f3 O-O 9. Be3 a6 10. Bc4 Qc7 11. Bb3 Nc5 12. Qd2 Rd8 13. Rad1 Bd7 14. Qf2 Be8 15. Qg3 Rac8 16. Qh3 Nxb3 17. axb3 d5 18. exd5 Nxd5 19. Nxd5 Rxd5 20. c4 Rd7 21. Ne2 Rcd8 22. Nc3 Rxd1 23. Rxd1 Rxd1+ 24. Nxd1 Qd6 25. Nc3 Qd3 26. f4 Qc2 27. Qf3 Bc6 28. Qe2 Qxb3 29. Kf2 h6 30. Bd4 Bh4+ 31. g3 Be7 32. Qe5 Qxb2+ 33. Ne2 Bf6 34. Qb8+ Kh7 35. Bxb2 Bxb2 36.
Ke3 a5 37. Nd4 Bc1+ 38. Kd3 Bg2 39. Qe5 a4 40. Nb5 a3 41. Qe1 Bb2 42. Qf2 Bc6 43.
Nd4 Ba4 44. Nc2 a2 45. Na1 Bxa1 46. Qxa2 Bc6 47. Qxa1 1-0

[Event "Late-Titled-Tuesday-Blitz-March-19-2024"]
[Site "Chess.com"]
[Date "2024.03.19"]
[Round "8"]
[White "Korchmar_Vasiliy"]
[Black "FredddieCroderg"]
[Result "1-0"]
[WhiteElo "2717"]
[BlackElo "2320"]
[TimeControl "180+1"]
[EndTime "15:27:53 PDT"]
[Termination "Korchmar_Vasiliy won on time"]

1. e4 c6 2. d4 d5 3. exd5 cxd5 4. Bd3 Nc6 5. c3 Qc7 6. h3 g6 7. Nf3 Bf5 8. O-O Nf6 9. Re1 Bxd3 10. Qxd3 Bg7 11.
Nbd2 O-O 12. Nb3 b6 13. Be3 Ne4 14. Rac1 Qb7 15. Nbd2 f5 16. Bf4 Rac8 17. Ng5 Qd7 18. f3 Nxg5 19. Bxg5 e5 20. dxe5 Nxe5 21. Qa6 d4 22. Nb3 dxc3 23. bxc3 Nc4 24. Re7 Qd6 25. Qxa7 Bf6 26. Bxf6 Qxf6 27. Rce1 Ra8 28. Qb7 Nd6 29. Qd5+ Nf7 30. Nd4 Rad8 31. Qb7 f4 32. R1e6 Qh4 33.
Qxb6 Rb8 34. Rb7 Rxb7 35. Qxb7 Rd8 36. Qe4 Rb8 37. Re8+ Rxe8 38. Qxe8+ Kg7 39. a4 Ng5 40. Ne6+ Nxe6 41. Qxe6 Kh6 42. Qe5 g5 43. Qf6+ Kh5 44. Qf7+ Kh6 45. Qe6+ Kh5 46. Qg4+ Qxg4 47. hxg4+ 1-0

[Event "Late-Titled-Tuesday-Blitz-March-19-2024"]
[Site "Chess.com"]
[Date "2024.03.19"]
[Round "8"]
[White "FaustinoOro"]
[Black "RodokininEV"]
[Result "1/2-1/2"]
[WhiteElo "2855"]
[BlackElo "2686"]
[TimeControl "180+1"]
[EndTime "15:27:53 PDT"]
[Termination "Game drawn by repetition"]

1. e4 c5 2. Nf3 Nc6 3. Bb5 g6 4. O-O Bg7 5. Bxc6 dxc6 6. d3 Nf6 7. h3 Nd7 8. Nbd2 e5 9. a4 a5 10. Nc4 O-O 11. Ne1 b6 12. b3 Ba6 13. Bb2 Qe7 14.
f4 Bxc4 15. bxc4 exf4 16. Bxg7 Kxg7 17. Rxf4 Qe5 18. Rf1 Qd4+ 19. Kh1 Rae8 20. Nf3 Qc3 21. Rb1 Qf6 22. Qd2 Qd6 23. Qc3+ Kg8 24. Nh2 h5 25.
Nf3 Re7 26. Qd2 Qf6 27. c3 Rfe8 28. e5 Nxe5 29. Nxe5 Qxe5 30. Rxb6 Qe2 31. Qxe2 Rxe2 32. Rxc6 Ra2 33. Rxc5 Ree2 34. Rg1 Rxa4 35. Rc8+ Kg7 36. c5 Rc2 37. d4 Rxc3 38. Rd1 Ra2 39. d5 Rcc2 40. Rg1 a4 41. d6 Rd2 42. Rc7 a3 43. d7 Rac2 44. c6 a2 45. Rc8 Rxg2 46. Rg8+ Kh6 47. Ra1 Rh2+ 48. Kg1 Rhg2+ 49. Kh1 Rh2+ 50. Kg1 Rhg2+ 51. Kh1 1/2-1/2

[Event "Late-Titled-Tuesday-Blitz-March-19-2024"]
[Site "Chess.com"]
[Date "2024.03.19"]
[Round "8"]
[White "ACollins05"]
[Black "inagreV"]
[Result "0-1"]
[WhiteElo "2526"]
[BlackElo "2396"]
[TimeControl "180+1"]
[EndTime "15:27:53 PDT"]
[Termination "inagreV won by checkmate"]

1. Nf3 Nf6 2. e3 d5 3. b3 c5 4.
Bb2 Nc6 5. Bb5 Bd7 6. O-O e6 7. Bxc6 Bxc6 8. Ne5 Rc8 9. d3 Be7 10. Nd2 O-O 11. Qf3 Be8 12. c4 Nd7 13. cxd5 Nxe5 14. Bxe5 exd5 15. Rac1 Bc6 16. Qg3 f6 17.
Bc3 Bd6 18. Qh3 Bd7 19. Qh5 Be6 20. d4 b6 21. dxc5 bxc5 22. Rfd1 Qd7 23. h3 Bb8 24.
Nf3 Rfd8 25. Qh4 Qf7 26. Qa4 Bf5 27. Ba5 Re8 28. Qb5 Bd6 29. Be1 Be4 30. Nd2 Bf5 31.
Nf3 Be4 32. Nd2 Bf5 33. Qf1 Qg6 34. Kh1 Qh5 35. Nc4 dxc4 36. Rxd6 cxb3 37. axb3 Be4 38. Qc4+ Kh8 39. Kg1 Qg5 40. Qf1 h6 41. Bd2 Red8 42. Rxd8+ Rxd8 43. Ba5 Rd3 44. Re1 Rxb3 45. f3 Bd3 46. Qf2 c4 47. e4 Qxa5 48. Rd1 Qb6 49.
Qxb6 axb6 50. Kf2 b5 51. Ke3 b4 52. Kd4 Rb2 53. Ra1 Kh7 54. Kd5 Rxg2 55. f4 b3 56. e5 fxe5 57. fxe5 b2 58. Re1 b1=Q 59. Rxb1 Bxb1 60. e6 c3 61. Kd6 Re2 62. e7 c2 63. Kd7 c1=Q 64. e8=Q Rxe8 65. Kxe8 Qe3+ 66. Kf8 Qxh3 67. Ke8 Qe6+ 68. Kf8 Qa6 69. Ke7 Ba2 70. Kf8 Qa7 71. Ke8 Qc7 72. Kf8 Qf7# 0-1

[Event "Late-Titled-Tuesday-Blitz-March-19-2024"]
[Site "Chess.com"]
[Date "2024.03.19"]
[Round "8"]
[White "expii"]
[Black "chessamical"]
[Result "1/2-1/2"]
[WhiteElo "2200"]
[BlackElo "2269"]
[TimeControl "180+1"]
[EndTime "15:27:56 PDT"]
[Termination "Game drawn by repetition"]

1. e4 e6 2. d4 d5 3. e5 c5 4. c3 Nc6 5. Nf3 Bd7 6. Be2 b6 7. O-O Nge7 8. Nbd2 Nf5 9. Nb3 a5 10. a4 cxd4 11. cxd4 Rc8 12. Be3 Nb4 13. Bd3 Nxd3 14. Qxd3 Be7 15. Rfc1 O-O 16. Nbd2 Rxc1+ 17. Rxc1 Bxa4 18.
b3 Bd7 19. Bf4 Qb8 20. g4 Nh4 21. Ng5 Bxg5 22. Bxg5 Ng6 23. h4 h6 24. Be3 Nxh4 25. f3 Qd8 26. Kf2 f6 27. exf6 Qxf6 28. Qe2 Ng6 29. Rh1 Nf4 30. Bxf4 Qxf4 31. Qe3 Qxe3+ 32.
Kxe3 b5 33. f4 a4 34. bxa4 bxa4 35. Nf3 Ra8 36. Ne5 Be8 37. Ra1 a3 38. Kd2 g5 39.
fxg5 hxg5 40. Kc3 Kg7 41. Kb4 Kf6 42. Rxa3 Rxa3 43. Kxa3 Bg6 44. Kb4 Bc2 45. Kc5 Bd1 46. Kd6 Be2 47. Nd7+ Kf7 48. Ne5+ Kf6 49. Nd7+ Kf7 50.
Ne5+ Kf6 1/2-1/2

[Event "Late-Titled-Tuesday-Blitz-March-19-2024"]
[Site "Chess.com"]
[Date "2024.03.19"]
[Round "8"]
[White "dawid498"]
[Black "ContrVersia"]
[Result "1/2-1/2"]
[WhiteElo "2712"]
[BlackElo "2916"]
[TimeControl "180+1"]
[EndTime "15:27:57 PDT"]
[Termination "Game drawn by repetition"]

1. e4 c5 2. Nf3 a6 3. c4 Nc6 4. d4 cxd4 5. Nxd4 e5 6. Nb3 Nf6 7. Nc3 a5 8. Bd3 a4 9. Nd2 Qa5 10. O-O Bc5 11. Nd5 d6 12. Rb1 Be6 13. b4 Nxb4 14.
Nxb4 Bxb4 15. a3 Bxd2 16. Bxd2 Qc7 17. Rb4 Bd7 18. f4 Bc6 19. Qe2 Nd7 20. f5 Nc5 21. Bc2 f6 22. Kh1 Qf7 23. Be1 g5 24. Bf2 h5 25. Rd1 Qe7 26. Rbb1 h4 27. h3 Kf7 28. Rd2 Rag8 29. Rbd1 g4 30. Rxd6 Nd7 31. Re6 Qxa3 32. Rxc6 gxh3 33. Rxd7+ Ke8 34. Rcc7 Qc1+ 35. Bd1 hxg2+ 36.
Kg1 Qc3 37. Re7+ Kf8 38. Rf7+ Ke8 39. Rce7+ Kd8 40. Rd7+ Ke8 41. Rfe7+ Kf8 42. Rf7+ Ke8 43. Rde7+ Kd8 44. Bb6+ Kc8 45. Rc7+ Kb8 46. Rxb7+ Ka8 47. Ra7+ Kb8 48. Rfb7+ Kc8 49. Rc7+ Kb8 50. Qf2 h3 51.
Rab7+ Ka8 52. Ra7+ Kb8 53. Rcb7+ Kc8 54. Rc7+ Kb8 1/2-1/2

[Event "Late-Titled-Tuesday-Blitz-March-19-2024"]
[Site "Chess.com"]
[Date "2024.03.19"]
[Round "8"]
[White "Walter_White_Poland"]
[Black "finec2"]
[Result "1-0"]
[WhiteElo "2415"]
[BlackElo "2230"]
[TimeControl "180+1"]
[EndTime "15:27:57 PDT"]
[Termination "Walter_White_Poland won on time"]

1. e4 c5 2. Nf3 e6 3. d4 cxd4 4. Nxd4 Nc6 5. Nc3 Qc7 6. Ndb5 Qb8 7. Be3 Nf6 8. f4 d6 9. Be2 Be7 10. g4 O-O 11. g5 Nd7 12. O-O a6 13. Nd4 Re8 14. Qd2 Bf8 15. f5 Nde5 16. g6 hxg6 17.
fxe6 fxe6 18. Rf2 Qc7 19. Raf1 b5 20. a3 Na5 21. Qe1 Nac4 22. Bc1 Qe7 23. b3 Nb6 24.
Rg2 Nbd7 25. Bg5 Nf6 26. Qh4 Bd7 27. Kh1 Ra7 28. Rg3 Bc8 29. Rh3 Kf7 30. Qh8 Nd7 31. Bg4 e5 32. Be6+ Qxe6 33. Nxe6 Rxe6 34. Bxf6 Rxf6 35. Rxf6+ Nxf6 36. Rf3 Rc7 37. Nd5 1-0

[Event "Late-Titled-Tuesday-Blitz-March-19-2024"]
[Site "Chess.com"]
[Date "2024.03.19"]
[Round "8"]
[White "HajiyevKanan"]
[Black "xasid81"]
[Result "1-0"]
[WhiteElo "2525"]
[BlackElo "2591"]
[TimeControl "180+1"]
[EndTime "15:27:58 PDT"]
[Termination "HajiyevKanan won by resignation"]

1. d4 d5 2. c4 e6 3. cxd5 exd5 4. Nc3 Nf6 5. Qc2 a6 6. Nf3 c5 7. Bg5 Nc6 8. e3 c4 9. a4 Be7 10. Be2 Bg4 11. Ne5 Bxe2 12. Qxe2 O-O 13. O-O Rc8 14.
f4 h6 15. Bh4 Nh7 16. Bf2 Bb4 17. Qf3 Nxe5 18. dxe5 Bxc3 19. bxc3 Qa5 20. e4 dxe4 21. Qxe4 Qxc3 22. Bd4 Qd3 23. Qxd3 cxd3 24. Rfd1 Rfd8 25. Rxd3 Rc4 26. Rad1 Rxa4 27. Bb6 Rxd3 28. Rxd3 Nf8 29. Rd8 Rc4 30. f5 Rc6 31. Ba5 Rc4 32. e6 fxe6 33. fxe6 Re4 34. Bb4 Rxe6 35. Rxf8+ Kh7 36. Rb8 b5 37. Rb7 Rc6 38. Bf8 Rg6 39. h4 Kg8 40. Bc5 h5 41. Rb6 Rxb6 42. Bxb6 Kf7 43. Kf2 Ke6 44. Ke3 Kd5 45. Kd3 g6 46. Kc3 Kc6 47. Be3 a5 48. g3 Kb7 49. Kd4 Kc6 50. Bd2 Kb6 51. Kd5 b4 52. Kc4 Kc6 53. Be3 Kb7 54.
Kb5 b3 55. Bd4 a4 56. Kxa4 Kc6 57. Kxb3 Kd5 58. Be3 1-0

[Event "Late-Titled-Tuesday-Blitz-March-19-2024"]
[Site "Chess.com"]
[Date "2024.03.19"]
[Round "8"]
[White "BebeBonito2022"]
[Black "Oligan22"]
[Result "1-0"]
[WhiteElo "2302"]
[BlackElo "2357"]
[TimeControl "180+1"]
[EndTime "15:27:59 PDT"]
[Termination "BebeBonito2022 won on time"]

1. d4 Nf6 2. c4 g6 3. Nc3 Bg7 4. e4 d6 5. Nf3 O-O 6. h3 Nc6 7. d5 Nb8 8. Bg5 Nbd7 9. Be2 c6 10.
Qd2 Qa5 11. O-O Nc5 12. a3 Nb3 13. Qc2 Nxa1 14. Rxa1 Qc7 15. Rd1 Re8 16. Bf4 Nd7 17. b4 a5 18. c5 axb4 19. axb4 Ne5 20. Nxe5 Bxe5 21. Bxe5 dxe5 22. Bc4 b6 23. dxc6 bxc5 24. b5 Ra3 25. Nd5 Qd6 26. Qb2 Ra4 27. Bb3 Rd4 28.
Rxd4 exd4 29. f4 e5 30. Ba4 exf4 31. b6 f3 32. b7 Bxh3 33. c7 Qg3 34. b8=Q Bc8 35.
Qf2 Qg5 36. Qxf3 Qc1+ 37. Kh2 Qh6+ 38. Kg3 Qg5+ 39. Kf2 Qd2+ 40. Qe2 Qg5 41. Bxe8 Qh4+ 42. Kg1 Bg4 43. Bxf7+ Kg7 44. Qf2 1-0

[Event "Late-Titled-Tuesday-Blitz-March-19-2024"]
[Site "Chess.com"]
[Date "2024.03.19"]
[Round "8"]
[White "Zq1"]
[Black "GM_shahin"]
[Result "0-1"]
[WhiteElo "2627"]
[BlackElo "2877"]
[TimeControl "180+1"]
[EndTime "15:28:00 PDT"]
[Termination "GM_shahin won by resignation"]

1. d4 Nf6 2. c4 e6 3. g3 d5 4. Bg2 Bb4+ 5. Nd2 Be7 6. Ngf3 O-O 7. O-O Nbd7 8. b3 c6 9. Qc2 b6 10. Bb2 Bb7 11. e4 Rc8 12. e5 Ne8 13. Rac1 c5 14. Qb1 cxd4 15. Nxd4 Nc5 16. Rfd1 Nc7 17. b4 Nd7 18. a3 Rb8 19. cxd5 Nxd5 20. Nc6 Bxc6 21. Rxc6 b5 22. Bxd5 exd5 23. Nf3 Nb6 24. Bd4 Qd7 25. Rc3 Nc4 26. Rcd3 Rfd8 27. Kg2 a6 28. h4 Qe6 29. Qc1 h6 30. Qf4 Rbc8 31.
h5 Rd7 32. Re1 Ra8 33. Bc5 Bxc5 34. bxc5 d4 35. Nxd4 Qd5+ 36. Kh2 Qxc5 37. e6 fxe6 38. Qg4 Rf7 39. f4 e5 40. Nf5 Qf2+ 41. Kh3 Rxf5 42. Rd7 Rf7 43. Qe6 Rf8 44. Red1 Ne3 45. Rxf7 Qg2+ 46. Kh4 Qh2+ 47. Qh3 Qxh3+ 48. Kxh3 Rxf7 49. Rd6 exf4 50. gxf4 Rf6 51. Rd8+ Kh7 52. Kg3 Nc4 53. a4 bxa4 54. Rc8 Nb6 55. Rc3 Rf5 56. Kg4 Rb5 0-1

[Event "Late-Titled-Tuesday-Blitz-March-19-2024"]
[Site "Chess.com"]
[Date "2024.03.19"]
[Round "8"]
[White "emeli_chess"]
[Black "Cluke86"]
[Result "0-1"]
[WhiteElo "2395"]
[BlackElo "2337"]
[TimeControl "180+1"]
[EndTime "15:28:00 PDT"]
[Termination "Cluke86 won by checkmate"]

1. d4 d6 2. e4 Nf6 3. Bd3 e5 4.
d5 g6 5. h3 Bg7 6. Nf3 O-O 7. O-O Nh5 8. Re1 Nd7 9. c4 Nc5 10.
Bf1 a5 11. Nc3 f5 12. exf5 gxf5 13. Ng5 Qe8 14. f4 e4 15. Be3 h6 16. Ne6 Nxe6 17.
dxe6 Bxe6 18. Nd5 Rc8 19. Bd4 Qf7 20. Bxg7 Nxg7 21. Ne3 Kh7 22. Qd2 Nh5 23. Qf2 Rg8 24. Qh4 Rg3 25. Be2 Rxe3 26. Bxh5 Rxe1+ 27. Rxe1 Qg7 28. b3 Rg8 29. Qf2 Qg3 30. Re3 Qxf2+ 31.
Kxf2 Kg7 32. g4 Kf6 33. h4 fxg4 34. Rxe4 Bf5 35. Re3 c6 36. Kg3 d5 37. cxd5 cxd5 38. Re5 d4 39. Rd5 d3 40. Bf7 Rc8 41. h5 Rc3 42.
Bg6 d2+ 43. Kg2 Rd3 44. Rxd3 Bxd3 45. Bxd3 d1=Q 46. Bf1 Qf3+ 47. Kg1 g3 48. Bg2 Qxf4 49.
Kh1 Qc1+ 50. Bf1 Qxf1# 0-1

[Event "Late-Titled-Tuesday-Blitz-March-19-2024"]
[Site "Chess.com"]
[Date "2024.03.19"]
[Round "8"]
[White "ploxoi"]
[Black "ritanovikova"]
[Result "1-0"]
[WhiteElo "2412"]
[BlackElo "2201"]
[TimeControl "180+1"]
[EndTime "15:28:02 PDT"]
[Termination "ploxoi won on time"]

1. d4 d5 2. Nf3 Nf6 3. c4 e6 4. g3 Be7 5. Bg2 O-O 6. O-O c6 7. Nc3 Nbd7 8. Qd3 Re8 9. Bf4 Nf8 10. e4 dxe4 11. Nxe4 Nxe4 12. Qxe4 Ng6 13. Be3 Bf6 14. Rad1 Qc7 15. b3 Bd7 16. h4 Ne7 17. Bf4 Qa5 18. Rd2 Ng6 19. Rfd1 Nxf4 20. Qxf4 Rac8 21. Ne5 Qc7 22.
Qe4 Rcd8 23. Ng4 Be7 24. Ne3 Bf8 25. Ng4 f5 26. Qe5 Bd6 27. Qe3 fxg4 28. c5 Bf8 29. Be4 b6 30. Qg5 Be7 31. Qh5 Bf6 32. Qxh7+ Kf8 33.
Bg6 Ke7 34. Bxe8 Rxe8 35. Qg6 Rh8 36. h5 Rh6 37. Qxg4 e5 38. Qe4 Rxh5 39. d5 cxd5 40.
Qxd5 Be6 41. Qf3 bxc5 42. Qxh5 Bf7 43. Qxf7+ Kxf7 44. Rd7+ 1-0

[Event "Late-Titled-Tuesday-Blitz-March-19-2024"]
[Site "Chess.com"]
[Date "2024.03.19"]
[Round "8"]
[White "FabianoCaruana"]
[Black "VitaliyBernadskiy"]
[Result "1-0"]
[WhiteElo "3074"]
[BlackElo "2887"]
[TimeControl "180+1"]
[EndTime "15:28:04 PDT"]
[Termination "FabianoCaruana won on time"]

1. c4 e5 2. Nc3 Nf6 3. g3 c6 4.
Nf3 e4 5. Nd4 d5 6. cxd5 Qb6 7. e3 cxd5 8. Qb3 Nc6 9. Nxd5 Nxd5 10. Qxd5 Nxd4 11. exd4 Be6 12. Bb5+ Ke7 13. Qc5+ Kf6 14.
Qe5+ Kg6 15. Be2 h5 16. O-O f6 17. Qxe4+ Bf5 18. Qe3 Bd6 19. Bd3 Qa5 20. Qf3 Bxd3 21. Qxd3+ Qf5 22. Qxf5+ Kxf5 23. d3 Rac8 24. Bd2 Rc2 25.
Bc3 Re8 26. Rfc1 Ree2 27. Rxc2 Rxc2 28. a4 a5 29. Bxa5 Rxb2 30. Kg2 Rb3 31. Bd2 Rxd3 32.
Be3 Rb3 33. a5 Ke4 34. a6 bxa6 35. Rxa6 Ba3 36. Ra5 g5 37. h4 gxh4 38. gxh4 f5 39. Re5+ Kd3 40. Rxf5 Bb2 41. Rxh5 Rb8 42. Rg5 Ke4 43.
Re5+ Kd3 44. h5 Rc8 45. h6 Rc6 46. h7 Rc8 47. Rh5 Rh8 48. Kf3 Bxd4 49. Rd5 1-0

[Event "Late-Titled-Tuesday-Blitz-March-19-2024"]
[Site "Chess.com"]
[Date "2024.03.19"]
[Round "8"]
[White "bitter-cikolata"]
[Black "DrCeltic"]
[Result "1-0"]
[WhiteElo "2521"]
[BlackElo "2574"]
[TimeControl "180+1"]
[EndTime "15:28:04 PDT"]
[Termination "bitter-cikolata won on time"]

1. e4 c5 2. Nf3 e6 3. d4 cxd4 4.
Nxd4 Nf6 5. Nc3 d6 6. Bg5 Be7 7.
Qd2 h6 8. Bh4 Nc6 9. O-O-O a6 10. f4 Bd7 11. Nf3 Qc7 12. e5 dxe5 13. fxe5 Nh7 14. Bxe7 Nxe7 15. Ne4 Bc6 16. Nd6+ Kf8 17. Bd3 Rd8 18. Qf4 Nd5 19. Qg3 Nb4 20. Bxh7 Rxh7 21.
Rhf1 Bxf3 22. Rd2 Bh5 23. Qh4 Bg6 24. Qxb4 Kg8 25. g4 h5 26. g5 h4 27. Rfd1 Rh5 28.
c3 Rxg5 29. Qxh4 Rxe5 30. Nb5 Rxd2 31. Rxd2 Rh5 32. Qxh5 axb5 33. Qg5 Qc4 34. Qg1 Qe4 35. Rd8+ Kh7 36. Qf2 Qb1+ 37. Kd2 Qxb2+ 38. Ke1 Qxc3+ 39. Kf1 Qh3+ 40. Kg1 Qg4+ 41. Kf1 Bf5 42. Rd4 Qf4 43. Rxf4 1-0

[Event "Late-Titled-Tuesday-Blitz-March-19-2024"]
[Site "Chess.com"]
[Date "2024.03.19"]
[Round "8"]
[White "ozates"]
[Black "manitodeplomo"]
[Result "1-0"]
[WhiteElo "2576"]
[BlackElo "2651"]
[TimeControl "180+1"]
[EndTime "15:28:05 PDT"]
[Termination "ozates won on time"]

1. e4 e6 2. d4 d5 3. e5 c5 4. c3 Nc6 5. Nf3 Bd7 6. Be2 Rc8 7. O-O Nge7 8. Na3 Nf5 9. Nc2 c4 10. g4 Nh4 11. Nxh4 Qxh4 12. Bf4 b5 13. Bg3 Qd8 14.
f4 Be7 15. f5 O-O 16. f6 gxf6 17. Qd2 fxe5 18. dxe5 Bg5 19. Qe1 Qb6+ 20. Kg2 d4 21. h4 Be7 22. Bf3 d3 23. Ne3 Bc5 24. Bf4 Ne7 25.
h5 Bc6 26. Kg3 Bxf3 27. Rxf3 f6 28. Bh6 fxe5 29. Bxf8 Rxf8 30. Rxf8+ Kxf8 31. Ng2 Qc6 32. Qd2 e4 33. Rf1+ Ke8 34. Kh3 Qd5 35. Nf4 Qe5 36.
Qg2 Be3 37. Qg3 Bxf4 38. Rxf4 Kd7 39. Qe3 Nd5 40. Qxa7+ Kd6 41. Qb8+ Nc7 42. Qb6+ Kd5 43. Qb7+ Kd6 44. Rxe4 Qd5 45. Rd4 d2 46. Qb6+ Ke5 47. Rxd5+ Nxd5 48. Qd4+ Kd6 49. Qxd2 1-0